 Dungeon Crawl Stone Soup version 0.30.1 (webtiles) character file.

Game seed: 5005982650506042965

369 Gaza the Digger (level 6, -2/53 HPs)
             Began as a Troll Earth Elementalist on July 13, 2023.
             Slain by a black bear (4 damage)
             ... on level 5 of the Dungeon.
             The game lasted 00:26:42 (3812 turns).

Gaza the Digger (Troll Earth Elementalist)          Turns: 3812, Time: 00:26:43

Health: -2/53      AC:  6    Str: 17    XL:     6   Next: 41%
Magic:  1/9        EV: 15    Int: 16    God:
Gold:   180        SH:  0    Dex: 14    Spells: 2/10 levels left

rFire   x .          .
                       - Unarmed
rCold   . . .        (no shield)
rNeg    . . .        s - +2 robe of Fortification {rF- Int+3 Dex+4 Stlth+}
rPois   .            (helmet restricted)
rElec   .            (no cloak)
rCorr   .            (gloves unavailable)
SInv    .            (boots unavailable)
Will    .....        q - amulet of the acrobat
Stlth   +++          h - +5 ring of evasion
HPRegen 1.08/turn    (no ring)
MPRegen 0.11/turn

%: acrobat
@: no status effects
A: large, unfitting armour, claws 3, regeneration 1, shaggy fur 1, tough skin 1
a: no special abilities


You were on level 5 of the Dungeon.
You visited 1 branch of the dungeon, and saw 5 of its levels.

You collected 180 gold pieces.

Inventory:

Missiles
 f - a throwing net
Armour
 a - a +0 robe
 m - the +1 chain mail of Haully {rF- rCorr Dex+6 SInv}
   (You found it on level 2 of the Dungeon)

   Dex:       It affects your dexterity (+6).
   rF:        It makes you vulnerable to fire.
   SInv:      It lets you see invisible.
   rCorr:     It protects you from acid and corrosion.
 n - a +1 leather armour of fire resistance
 s - the +2 robe of Fortification (worn) {rF- Int+3 Dex+4 Stlth+}
   (You found it on level 4 of the Dungeon)

   Int:       It affects your intelligence (+3).
   Dex:       It affects your dexterity (+4).
   rF:        It makes you vulnerable to fire.
   Stlth:     It makes you more stealthy.
Jewellery
 h - a +5 ring of evasion (left claw)
 o - a ring of resist corrosion
 q - an amulet of the acrobat (around neck)
 r - a ring of fire
Scrolls
 d - 3 scrolls of teleportation
 g - a scroll of butterflies
 i - a scroll of noise
 k - a scroll of blinking
 p - a scroll of torment {unknown}
 t - 3 scrolls of immolation {unknown}
 v - a scroll of vulnerability {unknown}
 w - 3 scrolls of enchant armour
Potions
 b - 2 potions of magic
 c - a potion of might
 e - a potion of heal wounds
 j - a potion of mutation {unknown}
 l - 3 potions of curing {unknown}


   Skills:
 + Level 0.2 Fighting
 + Level 2.1 Dodging
 + Level 1.3 Stealth
 + Level 1.7 Unarmed Combat
 + Level 2.7 Spellcasting
 + Level 0.6 Transmutations
 + Level 4.7 Earth Magic


You had 2 spell levels left.
You knew the following spells:

 Your Spells              Type           Power      Damage    Failure   Level
a - Sandblast             Erth           34%        2d9       2%          1
b - Passwall              Tmut/Erth      8%         N/A       10%         2
c - Stone Arrow           Conj/Erth      18%        3d8       22%         3
d - Sublimation of Blood  Necr           2%         N/A       28%         2

Your spell library contained the following spells:

 Spells                   Type           Power      Damage    Failure   Level
 Vampiric Draining        Necr           2%         2d6       50%         3
 Volatile Blastmotes      Fire/Tloc      4%         2d10      50%         3
 Petrify                  Tmut/Erth      10%        N/A       54%         4
 Irradiate                Conj/Tmut      1%         3d12      99%         5
 Summon Forest            Summ/Tloc      1%         N/A       99%         5
 Eringya's Noxious Bog    Tmut/Pois      1%         N/A       100%        6
 Summon Hydra             Summ           1%         N/A       100%        7
 Necromutation            Tmut/Necr      1%         N/A       100%        8


Dungeon Overview and Level Annotations

Branches:
Dungeon (5/15)
 Temple: D:4-7

Altars:
Wu Jian

Shops:
D:2 =


Innate Abilities, Weirdness & Mutations

You are too large for most types of armour.
You have claws for hands.
Your natural rate of healing is unusually fast.
You are covered in fur. (AC +1)
You have tough skin. (AC +1)


Message History

You barely miss the black bear.
The black bear is heavily wounded.
You feel sick.
The black bear bites you but does no damage.
The black bear misses you. The black bear closely misses you.
You scratch the black bear.
The black bear is heavily wounded.
You feel sick.
You are no longer poisoned.
The black bear bites you. The black bear claws you. The black bear misses you.
You barely miss the black bear.
The black bear is heavily wounded.
The black bear bites you but does no damage.
The black bear claws you but does no damage. x2
You scratch the black bear.
The black bear is severely wounded.
The black bear bites you. The black bear barely misses you.
The black bear claws you.
You scratch the black bear.
The black bear is almost dead.
The black bear goes berserk!
You barely miss the black bear.
The black bear is almost dead.
The black bear completely misses you. The black bear closely misses you. x2
The black bear bites you but does no damage.
The black bear claws you but does no damage.
The black bear claws you.
You closely miss the black bear.
The black bear is almost dead.
The black bear bites you!
* * * LOW HITPOINT WARNING * * *
The black bear claws you.
* * * LOW HITPOINT WARNING * * *
The black bear claws you but does no damage.
You scratch the black bear.
The black bear is almost dead.
The black bear bites you!
* * * LOW HITPOINT WARNING * * *
The black bear claws you.
You die...

#..## #...#
##.### #..#
#.## #.# #.#
#.## #@.#
#...h.......
##$.####....
.... ...
..... ..
##.... .
..... ......


You could see a black bear (berserk).

Vanquished Creatures
  A phantom (D:3)
  A scorpion (D:5)
  An iguana (D:4)
  2 orc wizards (D:5)
  6 adders
  An ufetubus (D:4)
  4 dart slugs
  12 orcs
  10 ball pythons
  9 bats
  8 endoplasms
  4 giant cockroaches
  5 goblins
  6 hobgoblins
  3 jackals (D:2)
  5 kobolds
  4 quokkas
  5 frilled lizards
  4 rats
91 creatures vanquished.

Notes
Turn   | Place    | Note
-------+----------+-------------------------------------------
     0 | D:1      | Gaza the Troll Earth Elementalist began the quest for the
                  | Orb.
     0 | D:1      | Reached XP level 1. HP: 16/16 MP: 1/1
    47 | D:1      | Reached XP level 2. HP: 23/24 MP: 0/3
    51 | D:1      | Reached skill level 3 in Earth Magic
    55 | D:1      | Learned a level 2 spell: Passwall
   237 | D:1      | Found a faded altar of an unknown god.
   774 | D:2      | Got the Excursus on Vile Space
   785 | D:2      | Reached XP level 3. HP: 31/31 MP: 1/4
   937 | D:2      | Found Isa Wif's Jewellery Emporium.
  1314 | D:2      | Identified the +1 chain mail of Haully {rF- rCorr Dex+6
                  | SInv}
  1396 | D:3      | Reached skill level 1 in Unarmed Combat
  1396 | D:3      | Reached XP level 4. HP: 39/39 MP: 1/5
  1431 | D:3      | Learned a level 3 spell: Stone Arrow
  1493 | D:3      | Noticed a phantom
  1503 | D:3      | Killed a phantom
  1504 | D:3      | Reached XP level 5. HP: 45/45 MP: 1/7
  2204 | D:3      | Reached skill level 4 in Earth Magic
  2355 | D:4      | Found an ornate altar of the Wu Jian Council.
  2406 | D:4      | Identified the +2 robe of Fortification {rF- Int+3 Dex+4
                  | Stlth+}
  3606 | D:5      | Entered Level 5 of the Dungeon
  3618 | D:5      | Reached XP level 6. HP: 53/53 MP: 4/8
  3698 | D:5      | Learned a level 2 spell: Sublimation of Blood
  3812 | D:5      | HP: 2/53 [black bear (7)]
  3812 | D:5      | Slain by a black bear

Illustrated notes

Levels and vault maps discovered:
D:1:      reono_arrival_mine, layout_loops_ring,
          hellmonk_ecumenical_altar_arch_garden
D:2:      layout_basic, serial_shops, shop, kennysheep_generic_room_15
D:3:      layout_loops_ring, kennysheep_minor_cross
D:4:      layout_layer_cave, nzn_wu_jian_contemplation
D:5:      layout_layer_cave, grunt_temple_overflow_order_and_chaos_2,
          minmay_temple_entry_overgrown, nicolae_fountain_basement

Skill      XL: |  1  2  3  4  5 |
---------------+----------------+-----
Earth Magic    | 3 4 |  4.7
Unarmed Combat | 1 |  1.7
Spellcasting   | 2 |  2.7
Dodging        | 2 |  2.1
Fighting       | |  0.2
Stealth        | |  1.3
Transmutations | |  0.6

Action                     |  1- 3 |  4- 6 || total
---------------------------+-------+-------++-------
  Melee: Unarmed           |    47 |    42 ||    89
         Punch             |     1 |     2 ||     3
   Cast: Sandblast         |    42 |    81 ||   123
    Use: Scroll            |     5 |     2 ||     7
 Armour: Robe              |    19 |    44 ||    63
  Dodge: Dodged            |    52 |   109 ||   161
